 Dungeon Crawl Stone Soup version 0.27.1-3-gb3d3a73c9e (webtiles) character file.

Game seed: 13132285127129683815

369185 astroknot the Executioner (level 21, -2/176 (181) HPs)
             Began as a Minotaur Fighter on Oct 25, 2021.
             Was a High Priest of Okawaru.
             Slain by a soul eater (16 damage)
             ... summoned by a deep elf demonologist
             ... on level 3 of the Elven Halls on Oct 26, 2021.
             The game lasted 04:14:56 (68558 turns).

astroknot the Executioner (Minotaur Fighter)       Turns: 68558, Time: 04:14:57

HP:   -2/176 (181)  AC: 37    Str: 26    XL:     21   Next: 65%
MP:   33/33         EV: 17    Int:  9    God:    Okawaru [*****.]
Gold: 3505          SH:  0    Dex: 20    Spells: 20/20 levels left

rFire    + . .     SeeInvis .   Z - +6 morningstar of Ixemnaj {holy, *Slow rN++ Dex+5}
rCold    + . .     Faith    .   v - +5 kite shield
rNeg     + + .     Spirit   .   S - +8 plate armour of Fuxen {Slay+6}
rPois    +         Reflect  +   e - +2 hat {Will+}
rElec    +         Harm     .   A - +2 cloak {rPois}
rCorr    +         Rampage  .   c - +2 pair of gloves {Stlth+}
Will     +++++                  W - +2 pair of boots {Fly}
Stlth    ..........             m - amulet "Cuhuczo" {Reflect Slay+3 SH+5}
HPRegen  0.39/turn              b - ring "Nukhlitt" {rF- rC+ Will+++ rCorr Dex+4}
MPRegen  0.23/turn              L - ring of Sebbujang {rPois rF++ rCorr Int+4 Dex-4}

@: confused, silenced, heroic, ambrosia-drunk, flying, hasted, lightly drained,
very quick
A: horns 2, retaliatory headbutt, talons 1, frail 1, electricity resistance
}: 2/15 runes: serpentine, barnacled
a: Renounce Religion


You were on level 3 of the Elven Halls.
You worshipped Okawaru.
Okawaru was extremely pleased with you.
You visited 8 branches of the dungeon, and saw 37 of its levels.
You also visited: Sewer, Ice Cave and Volcano.

You collected 4972 gold pieces.
You spent 1467 gold pieces at shops.

Inventory:

Hand Weapons
 j - the +9 sword of Zonguldrok {reap}
   (You found it on level 14 of the Dungeon)

   Any living foe damaged by it may be reanimated upon death as a zombie
   friendly to the wielder, with an increasing chance as more damage is dealt.
 o - a +6 eveningstar of flaming
 q - a +6 hand crossbow of venom
 r - the +10 hand axe of Evisceration {flame, Int+2}
   (You bought it in a shop on level 15 of the Dungeon)

   It burns those it strikes, dealing additional fire damage.
   Big, fiery blades are also staple armaments of hydra-hunters.
   Int:       It affects your intelligence (+2).
 C - a +4 hand axe of electrocution
 R - a +2 vorpal executioner's axe
 Z - the +6 morningstar of Ixemnaj (weapon) {holy, *Slow rN++ Dex+5}
   (You took it off a centaur warrior on level 13 of the Dungeon)

   It has been blessed by the Shining One to cause great damage to the undead
   and demons.
   Dex:       It affects your dexterity (+5).
   rN:        It greatly protects you from negative energy.
   *Slow:     It may slow you when you take damage.
Missiles
 t - 605 bolts
 H - 5 silver javelins
 T - 129 poisoned darts
Armour
 c - a +2 pair of gloves of stealth (worn)
 e - a +2 hat of willpower (worn)
 v - a +5 kite shield (worn)
 A - a +2 cloak of poison resistance (worn)
 S - the +8 plate armour of Fuxen (worn) {Slay+6}
   (Okawaru gifted it to you on level 1 of the Orcish Mines)

   Slay:      It affects your accuracy & damage with ranged weapons and melee
   (+6).
 W - a +2 pair of boots of flying (worn)
Jewellery
 a - a ring of flight
 b - the ring "Nukhlitt" (left hand) {rF- rC+ Will+++ rCorr Dex+4}
   (You acquired it on level 4 of the Lair of Beasts)

   [ring of protection from cold]

   Dex:       It affects your dexterity (+4).
   rF:        It makes you vulnerable to fire.
   rC:        It protects you from cold.
   rCorr:     It protects you from acid and corrosion.
   Will:      It greatly increases your willpower.
 m - the amulet "Cuhuczo" (around neck) {Reflect Slay+3 SH+5}
   (You acquired it on level 2 of the Dungeon)

   [amulet of reflection]

   It reflects blocked missile attacks.
   Slay:      It affects your accuracy & damage with ranged weapons and melee
   (+3).
   SH:        It affects your SH (+5).
 L - the ring of Sebbujang (right hand) {rPois rF++ rCorr Int+4 Dex-4}
   (You found it on level 4 of the Dungeon)

   [ring of poison resistance]

   Int:       It affects your intelligence (+4).
   Dex:       It affects your dexterity (-4).
   rF:        It greatly protects you from fire.
   rPois:     It protects you from poison.
   rCorr:     It protects you from acid and corrosion.
Wands
 f - a wand of charming (7)
 I - a wand of flame (44)
 M - a wand of iceblast (45) (quivered)
 N - a wand of acid (24)
 Q - a wand of digging (12)
 Y - a wand of polymorph (13)
Scrolls
 k - 4 scrolls of fear
 l - 6 scrolls of teleportation
 s - a scroll of enchant armour
 w - 6 scrolls of fog
 y - 2 scrolls of blinking
 D - a scroll of brand weapon
 F - 2 scrolls of amnesia
 J - a scroll of magic mapping
 O - 4 scrolls of enchant weapon
Potions
 d - 2 potions of might
 i - a potion of haste
 p - 3 potions of berserk rage
 u - 2 potions of cancellation
 x - a potion of resistance
 B - 4 potions of brilliance
 E - 7 potions of magic
 G - 11 potions of curing
 U - 6 potions of lignification
Miscellaneous
 n - a box of beasts
 z - a phantom mirror
 K - a tin of tremorstones (2/2)
 P - a phial of floods


   Skills:
 + Level 20.4(25.4) Fighting
 - Level 13.0(18.0) Long Blades
 + Level 21.6(27) Axes
 - Level 10.0(22.1) Maces & Flails
 * Level 17.2(22.2) Crossbows
 - Level 10.0(15.0) Armour
 - Level 12.9(17.9) Dodging
 - Level 8.0(13.0) Stealth
 + Level 5.6(10.6) Shields
 + Level 18.4 Invocations


You had 20 spell levels left.
You didn't know any spells.
Your spell library contained the following spells:

 Spells                   Type           Power      Damage    Failure   Level
 Apportation              Tloc           0%         N/A       99%         1
 Passwall                 Tmut/Erth      0%         N/A       100%        2
 Searing Ray              Conj           0%         3d3       100%        2
 Static Discharge         Conj/Air       0%         N/A       100%        2
 Sublimation of Blood     Necr           0%         N/A       100%        2
 Call Canine Familiar     Summ           0%         N/A       100%        3
 Dazzling Flash           Conj/Hex       0%         N/A       100%        3
 Frozen Ramparts          Ice            0%         1d2       100%        3
 Gell's Gravitas          Tloc           0%         N/A       100%        3
 Inner Flame              Hex/Fire       0%         N/A       100%        3
 Lesser Beckoning         Tloc           0%         N/A       100%        3
 Mephitic Cloud           Conj/Pois/Air  0%         N/A       100%        3
 Ozocubu's Armour         Ice            0%         N/A       100%        3
 Portal Projectile        Hex/Tloc       0%         N/A       100%        3
 Swiftness                Air            0%         N/A       100%        3
 Teleport Other           Tloc           0%         N/A       100%        3
 Animate Armour           Summ/Erth      0%         N/A       100%        4
 Animate Dead             Necr           0%         N/A       100%        4
 Cause Fear               Hex            0%         N/A       100%        4
 Dispel Undead            Necr           0%         3d6       100%        4
 Ice Form                 Ice/Tmut       0%         N/A       100%        4
 Iskenderun's Mystic Bla  Conj/Tloc      0%         2d3       100%        4
 Leda's Liquefaction      Hex/Erth       0%         N/A       100%        4
 Petrify                  Tmut/Erth      0%         N/A       100%        4
 Sticky Flame             Conj/Fire      0%         2d3       100%        4
 Summon Ice Beast         Ice/Summ       0%         N/A       100%        4
 Alistair's Intoxication  Tmut/Pois      0%         N/A       100%        5
 Blade Hands              Tmut           0%         N/A       100%        5
 Borgnjor's Vile Clutch   Necr/Erth      0%         N/A       100%        5
 Fireball                 Conj/Fire      0%         3d3       100%        5
 Freezing Cloud           Conj/Ice/Air   0%         6-21      100%        5
 Irradiate                Conj/Tmut      0%         3d13      100%        5
 Metabolic Englaciation   Hex/Ice        0%         N/A       100%        5
 Death Channel            Necr           0%         N/A       100%        6
 Invisibility             Hex            0%         N/A       100%        6
 Iron Shot                Conj/Erth      0%         9d1       100%        6
 Simulacrum               Ice/Necr       0%         N/A       100%        6
 Haunt                    Necr/Summ      0%         N/A       100%        7
 Discord                  Hex            0%         N/A       100%        8
 Infestation              Necr           0%         N/A       100%        8
 Polar Vortex             Ice            0%         N/A       100%        9


Dungeon Overview and Level Annotations

Branches:
Dungeon (15/15)            Temple (1/1) D:4            Lair (6/6) D:11
 Shoals (4/4) Lair:4        Snake (4/4) Lair:3        Slime (0/5) Lair:5
    Orc (2/2) D:11            Elf (3/3) Orc:2        Vaults (2/5) D:14
 Depths (0/5) D:15          Sewer (visited)           IceCv (visited)
Volcano (visited)
  Crypt: Vaults:2-3

Altars:
Ashenzari
Cheibriados
Dithmenos
Elyvilon
Fedhas
Gozag
Hepliaklqana
Kikubaaqudgha
Makhleb
Nemelex Xobeh
Okawaru
Qazlal
Ru
Sif Muna
Trog
Uskayaw
Vehumet
Wu Jian
Xom
Yredelemnul
Zin
The Shining One
Beogh
Lugonu

Shops:
D:2 *   D:11 ([   D:14 :   D:15 (   Orc:2 !::((   Elf:1 =(:   Elf:2 :=::
Shoals:3 *   Snake:2 :   Vaults:1 *

Portals:
Abyss: Shoals:1

Annotations:
Shoals:1 1 runed translucent door
Snake:4 Roxanne


Innate Abilities, Weirdness & Mutations

You have a pair of horns on your head.
You reflexively headbutt those who attack you in melee.
You have sharp toenails.
You are frail. (-10% HP)
You are resistant to electric shocks. (rElec)


Message History

Okay, then.
You feel much better.
You hear a shout!
You block the Executioner's attack.
The Executioner hits you but does no damage.
The Executioner barely misses you. You block the Executioner's attack. x2
The Executioner hits you but does no damage.
The deep elf zephyrmancer gestures wildly while chanting.
The deep elf zephyrmancer blinks!
You block the Executioner's attack.
The Executioner hits you but does no damage.
The Executioner completely misses you.
As you read the scroll of silence, it crumbles to dust.
A profound silence engulfs you. You block the Executioner's attack.
The Executioner hits you but does no damage.
You block the Executioner's attack. You block the soul eater's attack.
Magic scrolls do not work when you're silenced!
The Executioner closely misses you. You block the Executioner's attack. x2
A deep elf annihilator comes into view. It is wielding a +0 long sword.
The hell beast bites you but does no damage.
You block the hell beast's attack.
You are confused.
You feel invigorated.
The Executioner disappears in a puff of smoke!
The hell beast bites you but does no damage.
The hell beast tramples you but does no damage.
The deep elf death mage casts a spell at you.
The bolt of negative energy misses you.
The soul eater draws from the surrounding life force!
* * * LOW HITPOINT WARNING * * *
You bludgeon the deep elf annihilator!!
The deep elf annihilator is moderately wounded.
The deep elf death mage gestures at you while chanting.
The bolt of negative energy misses you.
You're too confused to move!
The deep elf annihilator hits you with a +2 demon whip of draining!
* * * LOW HITPOINT WARNING * * *
You partially resist.
You feel drained. The +0 vampiric war axe hits you.
* * * LOW HITPOINT WARNING * * *
The soul eater hits you!
You die...

##...............##
#.......###.(.....# #
#......## ##......# #.
#(.().## ##.....# ##'
#..)..# #.....# ##...
#.....## ##.e...#
#.....##...4..## ##......##
.(...!)))......###.......'..
......4##...e.2(@.......##..
...$..( ##.....3e2...e.## ..
#..$(.# #......ยง......#
##(..# #.............# ###'
###.........### #
###########


You could see a cacodemon (summoned), a hell beast (summoned), 2 deep elf
annihilators, a deep elf death mage, a soul eater (summoned), a deep elf
demonologist, a red devil (summoned) and a +0 vampiric war axe.

Vanquished Creatures
  Bai Suzhen (Snake:4)
  A bone dragon (D:14)
  Rupert (Lair:4)
  3 deep elf master archers (Elf:3)
  A titan (Shoals:4)
  3 deep elf blademasters (Elf:3)
  Polyphemus (Shoals:2)
  Kirke (D:13)
  Donald (Snake:1)
  Ilsuiw (Shoals:2)
  3 nagarajas
  5 deep elf sorcerers
  Aizul (Snake:1)
  A vault warden (Vaults:1)
  4 ironbound preservers (Vaults:1)
  4 deep elf elementalists (Elf:3)
  10 very ugly things (Vaults:1)
  8 dire elephants (Vaults:1)
  5 deep elf demonologists
  An entropy weaver (Vaults:1)
  A deep elf annihilator (Elf:3)
  7 merfolk javelineers
  11 merfolk impalers
  2 deep elf death magi (Elf:3)
  The ghost of Yqoodd the Thaumaturge, a journeyman GnWr of Kikubaaqudgha (D:13)
  A yaktaur captain (Vaults:1)
  2 fire dragons
  A great orb of eyes (Vaults:1)
  3 deep elf high priests (Elf:3)
  17 hydras
  2 ice dragons (D:15)
  21 naga warriors
  2 rakshasas
  6 boulder beetles
  5 salamander tyrants
  2 ironbound thunderhulks (Vaults:1)
  2 catoblepae
  An ogre mage (Orc:2)
  2 alligator snapping turtles (Shoals:4)
  7 merfolk aquamancers
  13 anacondas
  4 merfolk avatars
  11 centaur warriors
  12 two-headed ogres
  The ghost of GravelGoth the Protected, a novice MiFi of Nemelex Xobeh (D:8)
  2 ironbound frosthearts (Vaults:1)
  3 satyrs
  28 dancing weapons
  A tengu warrior (D:14)
  5 ironbound beastmasters (Vaults:1)
  Urug (Orc:2)
  15 naga sharpshooters
  10 shock serpents
  10 death yaks
  5 sun demons (Volcano)
  A skeletal warrior (D:14)
  Nergalle (Lair:1)
  7 salamander mystics
  A goliath frog (Snake:1)
  23 deep elf knights
  9 naga ritualists
  13 sea snakes
  A glowing orange brain (Vaults:1)
  3 ironbound convokers
  13 deep trolls
  12 deep elf archers
  A wizard (Vaults:1)
  The ghost of MemeProof the Basher, a novice MiFi of Okawaru (D:7)
  18 deep elf zephyrmancers
  8 harpies
  6 lindwurms
  7 oklob plants
  26 deep elf pyromancers
  16 mana vipers
  4 orc knights
  20 ugly things
  A shining eye (Snake:2)
  18 fauns
  23 salamanders
  12 cyclopes
  16 manticores
  11 elephants
  16 naga magi
  2 apocalypse crabs (Shoals:1)
  13 water nymphs
  7 merfolk sirens
  2 ice statues (IceCv)
  4 vault sentinels (Vaults:1)
  A black mamba (shapeshifter) (D:14)
  12 guardian serpents
  A smoke demon (Volcano)
  47 black mambas
  6 torpor snails
  The ghost of barney the Transmogrifier, a novice DrTm (D:6)
  18 cane toads
  2 kobold demonologists
  Maggie (D:7)
  5 rime drakes
  2 yaktaurs (D:13)
  2 efreet
  15 komodo dragons
  3 harpy zombies (Shoals:2)
  7 meliai
  13 hornets
  14 polar bears
  35 merfolk
  12 wind drakes
  13 trolls
  Prince Ribbit (D:5)
  3 tyrant leeches (Lair:6)
  A raiju (shapeshifter) (D:10)
  33 slime creatures
  2 raiju (Lair:6)
  13 snapping turtles
  18 blink frogs
  A harpy skeleton (D:14)
  8 dream sheep
  2 centaur simulacra
  2 redbacks (Vaults:1)
  12 spriggans (Lair:3)
  2 wraiths
  A shadow (D:12)
  8 air elementals
  A spriggan (shapeshifter) (D:15)
  6 wyverns
  A fire bat (D:9)
  A vampire (D:13)
  2 hogs (D:14)
  25 water elementals
  A tarantella (D:8)
  59 yaks
  11 steam dragons
  10 vampire mosquitoes
  5 basilisks
  A human (shapeshifter) (D:13)
  A warg (shapeshifter) (D:13)
  A redback simulacrum (D:12)
  8 wargs
  A death yak simulacrum (IceCv)
  33 nagas
  16 water moccasins
  16 hell hounds
  7 sky beasts
  5 ice beasts
  14 orc warriors
  A necrophage (D:5)
  12 black bears
  43 wolves
  21 ogres
  4 boggarts
  17 centaurs
  A phantom (D:6)
  11 kobold brigands
  16 bullfrogs
  2 gnoll sergeants
  A cane toad simulacrum (IceCv)
  A scorpion (D:4)
  A wyvern zombie (D:8)
  2 water moccasin skeletons
  3 elephant simulacra (IceCv)
  9 killer bees
  3 howler monkeys
  3 wights (D:7)
  An electric eel (Lair:4)
  15 centaur zombies
  3 hounds
  Crazy Yiuf (D:7)
  5 orc priests
  2 gnoll shamans
  5 jellies
  3 bullfrog skeletons
  15 centaur skeletons
  Ijyb (D:3)
  2 iguanas (D:6)
  Natasha (thrice) (D:3)
  12 orc wizards
  2 hell rats (Lair:1)
  The ghost of nroviw the Ruffian, a weakling TrFi (D:4)
  A hound skeleton (D:5)
  Robin (D:3)
  3 howler monkey zombies
  8 gnolls
  6 river rats (Lair:1)
  12 adders
  A shadow imp (D:8)
  A worm (D:3)
  6 dart slugs
  45 orcs
  2 bat zombies (Shoals:2)
  17 endoplasms
  4 giant cockroaches
  12 goblins
  12 hobgoblins
  3 jackals (D:2)
  10 kobolds
  4 quokkas
  10 ball pythons
  10 bats
  14 frilled lizards
  7 rats
  A spectral kobold (D:1)
  A bush (Lair:3)
1544 creatures vanquished.

Vanquished Creatures (collateral kills)
  An ogre mage (Orc:2)
  A deep elf archer (Elf:2)
  A deep elf pyromancer (Elf:2)
  3 ogres (Orc:1)
6 creatures vanquished.

Vanquished Creatures (others)
  A two-headed ogre (Orc:2)
  A deep elf knight (Elf:1)
  A deep elf pyromancer (Elf:1)
  2 deep elf zephyrmancers
  A naga mage (Snake:3)
  A water nymph (Shoals:3)
  A smoke demon (Volcano)
  A human (D:14)
  An orc wizard (Orc:1)
  45 fungi
  144 plants
199 creatures vanquished.

Grand Total: 1749 creatures vanquished

Notes
Turn   | Place    | Note
-------+----------+-------------------------------------------
     0 | D:1      | astroknot the Minotaur Fighter began the quest for the Orb.
     0 | D:1      | Reached XP level 1. HP: 19/19 MP: 0/0
   320 | D:1      | Reached XP level 2. HP: 27/27 MP: 1/1
   591 | D:1      | Found a faded altar of an unknown god.
   627 | D:1      | Reached skill level 1 in Dodging
   884 | D:1      | Reached skill level 3 in Axes
   884 | D:1      | Reached XP level 3. HP: 33/33 MP: 2/2
  1367 | D:2      | Found Ruadoda's Assorted Antiques.
  1425 | D:2      | Reached XP level 4. HP: 32/40 MP: 3/3
  1517 | D:2      | Found a glowing silver altar of Zin.
  1881 | D:2      | Identified 4 scrolls of acquirement
  1881 | D:2      | Acquired a +3 vorpal scimitar
  1883 | D:2      | Acquired a manual of Fighting
  1885 | D:2      | Acquired a manual of Axes
  1887 | D:2      | Acquired the amulet "Cuhuczo" {Reflect Slay+3 SH+5}
  1909 | D:2      | You fall into a shaft and drop 1 floor!
  2075 | D:3      | Noticed Ijyb
  2083 | D:3      | Killed Ijyb
  2084 | D:3      | Reached skill level 1 in Long Blades
  2085 | D:3      | Reached XP level 5. HP: 33/47 MP: 4/4
  2278 | D:3      | Noticed Natasha
  2282 | D:3      | Killed Natasha
  2283 | D:3      | Reached skill level 5 in Fighting
  2286 | D:3      | Found a glowing silver altar of Zin.
  2297 | D:3      | Noticed Natasha
  2302 | D:3      | Killed Natasha
  2359 | D:3      | Noticed Robin
  2367 | D:3      | Killed Robin
  2368 | D:3      | Reached skill level 4 in Axes
  2718 | D:3      | Noticed Natasha
  2722 | D:3      | Killed Natasha
  2993 | D:4      | Noticed an ogre
  3000 | D:4      | Killed an ogre
  3001 | D:4      | Reached XP level 6. HP: 22/57 MP: 5/5
  3428 | D:4      | Found a staircase to the Ecumenical Temple.
  3451 | D:4      | Found a burning altar of Makhleb.
  3459 | D:4      | Found a glowing drain.
  3476 | Sewer    | Entered a sewer
  3789 | D:4      | Reached skill level 5 in Armour
  3789 | D:4      | Reached skill level 1 in Stealth
  3843 | Temple   | Entered the Ecumenical Temple
  3899 | Temple   | Became a worshipper of Warmaster Okawaru
  4007 | D:4      | Reached XP level 7. HP: 53/64 MP: 6/6
  4138 | D:4      | Noticed nroviw's ghost (weakling TrFi)
  4189 | D:4      | Found a basalt altar of Yredelemnul.
  4249 | D:4      | Found a runed translucent gate.
  4250 | D:4      | Found a runed translucent gate.
  4251 | D:4      | Found a runed translucent gate.
  4684 | D:4      | Killed nroviw's ghost
  4685 | D:4      | Reached skill level 5 in Axes
  4802 | D:4      | Identified the ring of Sebbujang {rPois rF++ rCorr Int+4
                  | Dex-4}
  4848 | D:5      | Entered Level 5 of the Dungeon
  4861 | D:5      | Reached skill level 1 in Invocations
  5072 | D:5      | Noticed Prince Ribbit
  5081 | D:5      | Killed Prince Ribbit
  5081 | D:5      | Reached * piety under Okawaru
  5082 | D:5      | Reached XP level 8. HP: 73/73 MP: 6/8
  5136 | D:5      | Found an ancient bone altar of Kikubaaqudgha.
  5194 | D:5      | Reached skill level 6 in Axes
  5194 | D:5      | Reached skill level 5 in Dodging
  5203 | D:5      | Reached skill level 5 in Long Blades
  5851 | D:6      | Reached ** piety under Okawaru
  6153 | D:6      | Reached skill level 7 in Axes
  6162 | D:6      | Noticed a +0 spear
  6162 | D:6      | Noticed a +0 dagger
  6163 | D:6      | Noticed a +0 falchion
  6163 | D:6      | Noticed a +0 spear
  6164 | D:6      | Noticed a +0 dagger
  6164 | D:6      | Noticed a +0 short sword
  6201 | D:6      | Noticed a +0 short sword
  6262 | D:6      | Reached XP level 9. HP: 82/82 MP: 10/10
  6304 | D:6      | Found a hide-covered altar of Uskayaw.
  6312 | D:6      | Noticed a +0 falchion
  6458 | D:6      | Found a stormy altar of Qazlal.
  6523 | D:6      | Found a large runed translucent door.
  6524 | D:6      | Found a large runed translucent door.
  6526 | D:6      | Noticed barney's ghost (novice DrTm)
  6719 | D:7      | Found a runed translucent door.
  6939 | D:7      | Reached skill level 8 in Axes
  7108 | D:7      | Reached *** piety under Okawaru
  7205 | D:7      | Noticed Maggie
  7210 | D:7      | Killed Maggie
  7481 | D:7      | Found an opulent altar of Gozag.
  7511 | D:7      | Found a runed translucent door.
  7512 | D:7      | Noticed Crazy Yiuf
  7516 | D:7      | Killed Crazy Yiuf
  7742 | D:7      | Noticed MemeProof's ghost (novice MiFi)
  7867 | D:8      | Reached skill level 10 in Fighting
  7921 | D:8      | Found a runed translucent gate.
  7922 | D:8      | Found a runed translucent gate.
  7922 | D:8      | Found a runed translucent gate.
  7923 | D:8      | Noticed an 11-headed hydra
  7923 | D:8      | Noticed an 11-headed hydra
  7924 | D:8      | Noticed GravelGoth's ghost (novice MiFi)
  7976 | D:8      | Reached **** piety under Okawaru
  7977 | D:8      | Reached skill level 9 in Axes
  7977 | D:8      | Reached XP level 10. HP: 84/93 MP: 12/12
  8049 | D:8      | Noticed a boulder beetle
  8102 | D:8      | Identified the +1 cloak "Emyriph" {+Inv}
  8716 | D:8      | a boulder beetle changed into a tarantella
  9613 | D:6      | Killed barney's ghost
  9757 | D:9      | Noticed Harold
  9870 | D:9      | Noticed Maurice
  9871 | D:9      | Noticed Maurice
  9871 | D:9      | Maurice changed into Maurice the fire bat
  9874 | D:9      | Killed Maurice the fire bat
  9922 | D:9      | Noticed Harold
  9922 | D:9      | Harold changed into Harold the hornet
  9926 | D:9      | Killed Harold the hornet
 10177 | D:9      | Reached ***** piety under Okawaru
 10178 | D:9      | Reached skill level 10 in Axes
 10178 | D:9      | Reached skill level 5 in Invocations
 10504 | D:9      | Received a gift from Okawaru
 10747 | D:10     | Entered Level 10 of the Dungeon
 10969 | D:10     | Noticed a two-headed ogre
 10969 | D:10     | Noticed a two-headed ogre
 10984 | D:9      | Killed a two-headed ogre
 10985 | D:9      | Reached skill level 10 in Long Blades
 10985 | D:9      | Reached XP level 11. HP: 102/102 MP: 6/14
 11046 | D:9      | Killed a two-headed ogre
 11192 | D:10     | Reached skill level 10 in Dodging
 11322 | D:10     | Reached skill level 11 in Axes
 11387 | D:10     | Noticed a centaur warrior
 11389 | D:10     | Killed a centaur warrior
 11438 | D:10     | Noticed a centaur warrior
 11651 | D:10     | Killed a centaur warrior
 11652 | D:10     | Noticed a rakshasa
 12067 | D:10     | Noticed a two-headed ogre
 12072 | D:10     | Killed a two-headed ogre
 12152 | D:10     | Killed a rakshasa
 12260 | D:10     | Received a gift from Okawaru
 12496 | D:11     | Reached skill level 12 in Axes
 12703 | D:11     | Reached XP level 12. HP: 102/113 MP: 13/15
 12713 | D:11     | Found Suuc's Weapon Emporium.
 12740 | D:11     | Received a gift from Okawaru
 12779 | D:11     | Found a staircase to the Orcish Mines.
 12785 | D:11     | Found Bocsol's Armour Emporium.
 12807 | D:11     | Bought a +3 chain mail of willpower for 371 gold pieces
 12928 | D:11     | Found a staircase to the Lair.
 12960 | D:11     | Noticed a seven-headed hydra
 12978 | D:11     | Killed a seven-headed hydra
 12979 | D:11     | Reached skill level 13 in Axes
 13601 | Orc:1    | Entered Level 1 of the Orcish Mines
 14084 | Orc:2    | Entered Level 2 of the Orcish Mines
 14084 | Orc:2    | Noticed a two-headed ogre
 14084 | Orc:2    | Noticed a two-headed ogre
 14084 | Orc:2    | Noticed an ogre mage
 14084 | Orc:2    | Noticed a two-headed ogre
 14084 | Orc:2    | Noticed a two-headed ogre
 14084 | Orc:2    | Found Uwounut's Book Shop.
 14085 | Orc:2    | Noticed a two-headed ogre
 14088 | Orc:2    | Noticed a two-headed ogre
 14088 | Orc:2    | Noticed a two-headed ogre
 14088 | Orc:2    | Killed an ogre mage
 14171 | Orc:2    | Noticed a two-headed ogre
 14172 | Orc:2    | Noticed an ogre mage
 14178 | Orc:1    | Identified the +8 plate armour of Fuxen {Slay+6} (Okawaru
                  | gifted it to you on level 1 of the Orcish Mines)
 14178 | Orc:1    | Received a gift from Okawaru
 14179 | Orc:1    | Reached skill level 14 in Axes
 14224 | Orc:1    | Killed a two-headed ogre
 14447 | Orc:1    | Killed a two-headed ogre
 14447 | Orc:1    | Killed a two-headed ogre
 14784 | Orc:1    | Killed a two-headed ogre
 14855 | Orc:1    | Killed a two-headed ogre
 14856 | Orc:1    | Reached skill level 15 in Axes
 14856 | Orc:1    | Killed a two-headed ogre
 14859 | Orc:1    | Reached XP level 13. HP: 57/124 MP: 9/18
 15231 | Orc:2    | Found a staircase to the Elven Halls.
 15249 | Orc:2    | Found Dausuw's Distillery.
 15251 | Orc:2    | Found Lylyhuh's Book Shoppe.
 15252 | Orc:2    | Found Eguritin's Weapon Shop.
 15267 | Orc:2    | Found Qeefumeh's Antique Weapon Emporium.
 15289 | Orc:2    | Bought a potion of heal wounds for 55 gold pieces
 15487 | Orc:2    | Bought a runed hand crossbow for 175 gold pieces
 15487 | Orc:2    | Bought a shimmering great mace for 310 gold pieces
 15487 | Orc:2    | Identified the +5 great mace "Loas" {vorpal, rCorr} (You
                  | bought it in a shop on level 2 of the Orcish Mines)
 16025 | Orc:2    | Noticed Urug
 16036 | Orc:2    | Killed Urug
 16037 | Orc:2    | Reached skill level 1 in Maces & Flails
 16037 | Orc:2    | Reached skill level 1 in Crossbows
 16856 | Lair:1   | Entered Level 1 of the Lair of Beasts
 17023 | Lair:1   | Received a gift from Okawaru
 17272 | Lair:1   | Noticed Nergalle
 17279 | Lair:1   | Killed Nergalle
 17774 | Lair:1   | Reached skill level 15 in Fighting
 18145 | Lair:2   | Reached skill level 16 in Axes
 19301 | Lair:3   | Reached skill level 5 in Crossbows
 19733 | Lair:3   | Received a gift from Okawaru
 19740 | Lair:3   | You fall into a shaft and drop 1 floor!
 19774 | Lair:4   | Reached skill level 10 in Invocations
 19774 | Lair:4   | Reached XP level 14. HP: 135/135 MP: 12/20
 19800 | Lair:4   | Found a dark tunnel.
 19819 | Volcano  | Entered a volcano
 19866 | Volcano  | Received a gift from Okawaru
 19874 | Volcano  | Reached skill level 5 in Maces & Flails
 20509 | Lair:4   | Received a gift from Okawaru
 21352 | Lair:4   | Identified the +1 robe of Anarchy {*Slow rPois rF+ rN+}
 21391 | Lair:4   | Received a gift from Okawaru
 21511 | Lair:4   | Found a staircase to the Shoals.
 21692 | Lair:4   | Acquired the ring "Nukhlitt" {rF- rC+ Will+++ rCorr Dex+4}
 21872 | Lair:3   | Received a gift from Okawaru
 21988 | Lair:3   | Found a staircase to the Snake Pit.
 22606 | Lair:3   | Acquired a +2 pair of boots of flying
 23420 | Lair:5   | Noticed Rupert
 23454 | Lair:4   | Killed Rupert
 23455 | Lair:4   | Reached XP level 15. HP: 80/144 MP: 14/22
 23654 | Lair:5   | Reached skill level 17 in Axes
 23752 | Lair:5   | Found a staircase to the Slime Pits.
 24530 | Lair:5   | Received a gift from Okawaru
 24677 | Lair:6   | Entered Level 6 of the Lair of Beasts
 25610 | Lair:6   | Reached skill level 10 in Crossbows
 26918 | Lair:6   | Received a gift from Okawaru
 27006 | Lair:6   | Found a runed translucent door.
 27194 | Lair:6   | Received a gift from Okawaru
 27934 | D:7      | Killed MemeProof's ghost
 28039 | D:8      | Received a gift from Okawaru
 28044 | D:8      | Killed GravelGoth's ghost
 28474 | D:12     | Received a gift from Okawaru
 28475 | D:12     | Reached XP level 16. HP: 154/154 MP: 24/24
 28978 | D:13     | Found a frozen archway.
 28999 | IceCv    | Entered an ice cave
 29002 | IceCv    | Found a transporter.
 29051 | IceCv    | Found a transporter.
 29638 | D:13     | Found an ancient bone altar of Kikubaaqudgha.
 29884 | D:13     | Identified the +6 morningstar of Ixemnaj {holy, *Slow rN++
                  | Dex+5}
 30768 | D:13     | Found a runed translucent door.
 30769 | D:13     | Found a shimmering altar of Xom.
 30769 | D:13     | Noticed Yqoodd's ghost (journeyman GnWr)
 30769 | D:13     | Identified the +7 dire flail "Wibimmi" {chaos, rC+ Will++
                  | rCorr Dex-3}
 30930 | D:13     | Found a runed translucent door.
 31500 | D:13     | Found a runed translucent door.
 31508 | D:13     | Identified the +1 scale mail of Trumpets {-Cast rN+++ rCorr
                  | SInv}
 31670 | D:13     | Killed Yqoodd's ghost
 31672 | D:13     | Identified the +5 rapier "Xuofepsa" {drain, *Slow rPois
                  | rN+}
 31912 | D:14     | Received a gift from Okawaru
 31982 | D:14     | Identified the +8 hand axe "Beetleslayer" {speed, Fragile
                  | rC+ rCorr Dex+2} (Okawaru gifted it to you on level 14 of
                  | the Dungeon)
 31982 | D:14     | Received a gift from Okawaru
 32405 | D:14     | Reached skill level 18 in Axes
 32453 | D:14     | Noticed Kirke
 32473 | D:13     | Killed Kirke
 32943 | D:14     | Identified the +7 falchion "Ciublabo" {holy, rF+ Int-2 SInv
                  | Stlth+}
 32990 | D:14     | Found Visy's Book Shop.
 33096 | D:14     | Received a gift from Okawaru
 33256 | D:14     | Found a gate to the Vaults.
 33396 | D:14     | Found a sparkling altar of Nemelex Xobeh.
 33474 | D:14     | Reached skill level 10 in Maces & Flails
 33707 | D:14     | Received a gift from Okawaru
 33736 | D:14     | Found the +9 sword of Zonguldrok {reap}
 33736 | D:14     | Noticed a bone dragon
 33751 | D:14     | Killed a bone dragon
 33752 | D:14     | Reached XP level 17. HP: 84/162 MP: 19/26
 34058 | D:15     | Entered Level 15 of the Dungeon
 34075 | D:15     | Found Otismes's Antique Weapon Emporium.
 34158 | D:15     | Bought a dazzling hand axe for 232 gold pieces
 34158 | D:15     | Identified the +10 hand axe of Evisceration {flame, Int+2}
                  | (You bought it in a shop on level 15 of the Dungeon)
 34507 | D:15     | Gained mutation: You tend to lose your temper in combat.
                  | [potion of mutation]
 34507 | D:15     | Gained mutation: Your mind is acute. (Int +2) [potion of
                  | mutation]
 34508 | D:15     | Lost mutation: You tend to lose your temper in combat.
                  | [potion of mutation]
 34508 | D:15     | Lost mutation: Your mind is acute. (Int +2) [potion of
                  | mutation]
 34508 | D:15     | Gained mutation: You occasionally shout uncontrollably at
                  | your foes. [potion of mutation]
 34508 | D:15     | Lost mutation: You occasionally shout uncontrollably at
                  | your foes. [potion of mutation]
 34508 | D:15     | Gained mutation: You expend magic power (3 MP) to
                  | strengthen your wands. [potion of mutation]
 34509 | D:15     | Lost mutation: You expend magic power (3 MP) to strengthen
                  | your wands. [potion of mutation]
 34509 | D:15     | Gained mutation: Your body sometimes deteriorates upon
                  | taking damage. [potion of mutation]
 34509 | D:15     | Gained mutation: Your muscles are strong. (Str +2) [potion
                  | of mutation]
 34667 | Orc:2    | Bought a potion of mutation for 88 gold pieces
 34667 | Orc:2    | Lost mutation: Your muscles are strong. (Str +2) [potion of
                  | mutation]
 34667 | Orc:2    | Lost mutation: Your body sometimes deteriorates upon taking
                  | damage. [potion of mutation]
 34667 | Orc:2    | Gained mutation: You do not regenerate when monsters are
                  | visible. [potion of mutation]
 34667 | Orc:2    | Gained mutation: You are dopey. (Int -2) [potion of
                  | mutation]
 34667 | Orc:2    | Lost mutation: You are dopey. (Int -2) [potion of mutation]
 34972 | D:2      | Bought a potion of mutation for 184 gold pieces
 34972 | D:2      | Lost mutation: You do not regenerate when monsters are
                  | visible. [potion of mutation]
 34972 | D:2      | Gained mutation: You are frail. (-10% HP) [potion of
                  | mutation]
 34972 | D:2      | Gained mutation: You have sharp toenails. [potion of
                  | mutation]
 34972 | D:2      | Gained mutation: You are resistant to electric shocks.
                  | (rElec) [potion of mutation]
 35353 | Shoals:1 | Entered Level 1 of the Shoals
 36173 | Shoals:1 | Received a gift from Okawaru
 36498 | Shoals:1 | You are sucked into a shaft and drop 1 floor!
 36499 | Shoals:2 | Noticed Polyphemus
 36505 | Shoals:2 | Noticed Ilsuiw
 37595 | Shoals:1 | Found a runed translucent door.
 37602 | Shoals:1 | Found a corrupted altar of Lugonu.
 37602 | Shoals:1 | Found a one-way gate to the infinite horrors of the Abyss.
 38425 | Shoals:2 | Received a gift from Okawaru
 40283 | Shoals:2 | Killed Ilsuiw
 40509 | Shoals:2 | Killed Polyphemus
 41587 | Shoals:3 | Reached skill level 15 in Invocations
 42319 | Shoals:3 | Found Neaticih's CLEARANCE SALE! EVERYTHING MUST GO!.
 42338 | Shoals:3 | Bought a scroll of teleportation for 12 gold pieces
 42338 | Shoals:3 | Bought a wand of iceblast (6) for 40 gold pieces
 43004 | Shoals:3 | Reached skill level 10 in Armour
 43004 | Shoals:3 | Reached XP level 18. HP: 153/153 MP: 28/28
 43947 | Elf:1    | Entered Level 1 of the Elven Halls
 44111 | Elf:1    | Identified the +8 fustibalus of the Trees {flame, Will+}
                  | (Okawaru gifted it to you on level 1 of the Elven Halls)
 44111 | Elf:1    | Received a gift from Okawaru
 44534 | Elf:1    | Got the Incunabulum of Confrontation
 44684 | Elf:1    | Found Rowei's Jewellery Emporium.
 44686 | Elf:1    | Found Coirphei's Antique Weapon Shoppe.
 44689 | Elf:1    | Found Coeg's Book Emporium.
 45205 | Elf:1    | Received a gift from Okawaru
 45379 | Elf:1    | Got the Almanac of Confrontation and Calling
 45727 | Elf:2    | Paralysed by an air elemental for 1 turns
 45902 | Elf:2    | Found Feto's Jewellery Emporium.
 45904 | Elf:2    | Found Alonini's Book Boutique.
 45904 | Elf:2    | Found Vaerch's Book Boutique.
 46210 | Elf:2    | Found Ukhibbyt's Book Emporium.
 46288 | Elf:2    | Noticed a Hell Sentinel
 46294 | Elf:2    | Received a gift from Okawaru
 46331 | Elf:2    | Found a runed translucent gate.
 46331 | Elf:2    | Found a runed translucent gate.
 46334 | Elf:2    | Found a runed translucent gate.
 46881 | Elf:2    | Received a gift from Okawaru
 47257 | Elf:2    | Reached skill level 15 in Crossbows
 48181 | D:15     | Found a staircase to the Depths.
 48866 | Shoals:4 | Entered Level 4 of the Shoals
 48943 | Shoals:4 | Found a blossoming altar of Fedhas.
 49273 | Shoals:4 | Identified the +5 scale mail of Unambiguity {rCorr Int+4}
 49312 | Shoals:4 | Received a gift from Okawaru
 49486 | Shoals:4 | Identified the amulet of Secie {Spirit rF+}
 49497 | Shoals:4 | Reached XP level 19. HP: 161/162 MP: 30/30
 50142 | Shoals:4 | Received a gift from Okawaru
 50342 | Shoals:4 | Paralysed by an air elemental for 1 turns
 50361 | Shoals:4 | Reached skill level 19 in Axes
 50861 | Shoals:4 | Paralysed by an air elemental for 1 turns
 50865 | Shoals:4 | Paralysed by an air elemental for 1 turns
 52009 | Shoals:4 | Paralysed by an air elemental for 1 turns
 52070 | Shoals:4 | Got a barnacled rune of Zot
 52401 | Vaults:1 | Entered Level 1 of the Vaults
 52434 | Vaults:1 | Reached skill level 5 in Stealth
 53401 | Vaults:1 | Found Kaffonn's General Store.
 53740 | Vaults:1 | Identified the amulet of Yrawn {Faith Will+}
 54053 | Vaults:1 | Received a gift from Okawaru
 54549 | Vaults:1 | Received a gift from Okawaru
 54641 | Vaults:1 | Identified the +1 leather armour of the Farrier {rElec}
 55017 | Snake:1  | Entered Level 1 of the Snake Pit
 55464 | Snake:1  | Reached XP level 20. HP: 146/171 MP: 31/31
 55611 | Snake:1  | Reached skill level 20 in Axes
 55753 | Snake:1  | Noticed Donald
 55758 | Snake:1  | Noticed Aizul
 55777 | Snake:1  | Killed Donald
 55803 | Snake:1  | Killed Aizul
 56461 | Snake:2  | Reached ****** piety under Okawaru
 56631 | Snake:2  | Received a gift from Okawaru
 56984 | Snake:2  | Found Xoqown's Book Boutique.
 57866 | Snake:3  | Received a gift from Okawaru
 58901 | Snake:3  | Identified the +1 scale mail of Xegi {rC+} (Okawaru gifted
                  | it to you on level 3 of the Snake Pit)
 58901 | Snake:3  | Received a gift from Okawaru
 60708 | Snake:4  | Entered Level 4 of the Snake Pit
 62873 | Snake:4  | Identified Roxanne's Papyrus of Moulding
 62873 | Snake:4  | Noticed Roxanne
 62873 | Snake:4  | Found the ring of the Tortoise {AC+8}
 63274 | Snake:4  | Noticed Bai Suzhen
 63311 | Snake:4  | Killed Bai Suzhen
 63823 | Snake:4  | Reached skill level 21 in Axes
 64017 | Snake:4  | Received a gift from Okawaru
 64031 | Snake:4  | Reached XP level 21. HP: 180/180 MP: 33/33
 64371 | Snake:4  | Received a gift from Okawaru
 64821 | Snake:4  | Got a serpentine rune of Zot
 66264 | Elf:3    | Entered Level 3 of the Elven Halls
 66344 | Elf:3    | Paralysed by an air elemental for 1 turns
 67813 | Elf:3    | Reached skill level 5 in Shields
 68152 | Elf:3    | Received a gift from Okawaru
 68522 | Elf:3    | Identified the +10 trident of the Mushroom {drain, *Rage
                  | rF+ Will+}
 68524 | Elf:3    | Identified the +3 scale mail of the Dolphin {Fly Int+2}
 68558 | Elf:3    | Slain by a soul eater

Illustrated notes

Levels and vault maps discovered:
D:1:      lightli_arrival_boilingwater, layout_basic,
          dreamdust_ecumenical_altar_drowned_temple, minivault_11,
          grunt_decor_fettered
D:2:      cheibrodos_old_hovel, layout_basic, basic_altar, serial_shops, shop
D:3:      layout_loops_ring, nicolae_overflow_hidden_temple, uniq_robin,
          uniq_ijyb, uniq_natasha
D:4:      layout_basic, mainiacjoe_overflow_large_starburst, temple_pool_b,
          gup_sewer_entry_glass, serial_glass, glass_columns_a, glass_columns_b,
          item_on_display_a, item_on_display_a, item_on_display_a,
          feat_on_display, gammafunk_ghost_split
D:5:      layout_gridville, lemuel_tele_altar, sigmund_army, uniq_prince_ribbit1
D:6:      layout_cave_pools, lemuel_coloured_pillars_altar,
          nicolae_uskayaw_en_pointe, ebering_ghost_disaster_area
D:7:      layout_basic, mainiacjoe_overflow_six_doors_small,
          ebering_ghost_reflecting_pool, uniq_maggie, uniq_crazy_yiuf_cottage
D:8:      kennysheep_blocky_room, layout_layer_cave, gammafunk_ghost_hydra_chop
D:9:      layout_irregular_city, uniq_maurice, uniq_harold
D:10:     layout_basic, minmay_pinched_square
D:11:     layout_roguey, erik_lair_orcish_takeover, orc_david_3, special_room
          [special_room_kobold], hangedman_misty_isle
D:12:     layout_basic, nrook_mini_vaults
D:13:     minmay_the_grid_triangle_9x9_recursive_3_mashed
          [minmay_the_grid_triangle_9x9_negative_grid,
          minmay_the_grid_triangle_9x9_tough_junction,
          minmay_the_grid_triangle_9x9_zippers_horizontal,
          minmay_the_grid_triangle_9x9_prize_schism,
          minmay_the_grid_triangle_9x9_cache,
          minmay_the_grid_triangle_9x9_windchime,
          minmay_the_grid_triangle_9x9_longest,
          minmay_the_grid_triangle_9x9_thin_v,
          minmay_the_grid_triangle_9x9_warning], layout_cave_pods,
          portal_ice_cave_rime, ebering_ghost_xom, kiku_gazebo_pond_becter
D:14:     layout_rooms, hangedman_vaults_entry_quadrant_bands,
          nemelex_lonely_heart_becter, serial_shops, nicolae_take_the_stairs,
          minmay_guarded_unrand_zonguldrok, uniq_kirke
D:15:     grunt_enter_depths_hoard, layout_loops_ring, serial_shops,
          nicolae_shop_temple_entry_statues_fountains, glass_columns_c
Temple:   eino_wide_crystal_templ
Lair:1:   layout_regular_city, kennysheep_abandoned_house, uniq_nergalle
Lair:2:   statuecave_lemuel, layout_loops_ring
Lair:3:   kb_forest_paths, layout_big_grid, serial_bayou_shore_b
Lair:4:   layout_gridlike, minmay_shoals_entry_hut,
          nicolae_volcano_entry_lava_flow, minmay_lair_oklob_chamber
Lair:5:   layout_roguey, nicolae_slime_entry_slimehenge, st_stairs_4,
          dpeg_oklob_1, grunt_megastairs_1, infiniplex_staircase_pool_2,
          uniq_rupert
Lair:6:   hangedman_lair_caniforms_friends, layout_regular_city, wormcave
Shoals:1: layout_shoals, nicolae_shoals_abyss_on_the_beach
Shoals:2: layout_shoals, nicolae_shoals_circle_sea_wall,
          nicolae_shoals_undead_eyrie, uniq_polyphemus, uniq_ilsuiw
Shoals:3: layout_shoals, nicolae_shop_clearance
Shoals:4: shoals_end_hellmonk_storm_palace [storm_palace_center_square,
          storm_palace_corner_reverse_hut, storm_palace_corner_narrow,
          storm_palace_corner_altar, storm_palace_corner_grid]
Snake:1:  layout_rooms, uniq_donald, uniq_aizul
Snake:2:  layout_grid_maze, serial_shops, shop, grunt_ministairs_15,
          grunt_megastairs_4
Snake:3:  layout_gridlike, nicolae_snake_boneroom
Snake:4:  snake_pit_salamanders_mu, layout_cave_shapes, lemuel_fruit_tree,
          uniq_bai_suzhen, uniq_roxanne
Orc:1:    layout_caves, basic_altar, mines1_david
Orc:2:    st_orc_open, layout_caves, serial_shops, nicolae_shop_waterfront,
          sword_in_stone
Elf:1:    eino_elf_arrival_sip, layout_gridlike, minmay_elf_sorcery,
          minmay_shop_star
Elf:2:    nicolae_elf_blades_splatter_lattice [nicolae_blade_entry_antechamber],
          layout_geoelf_grid, serial_shops, shop, lemuel_elevator,
          minmay_shop_grove
Elf:3:    nooodl_elf_gasket, layout_geoelf_octagon
Vaults:1: vaults_mumra_hexcomb, hangedman_vaults_snaps, v_misc_12,
          ontoclasm_vaults_fault, hangedman_vaults_capsules,
          nicolae_vaults_little_squares_4, v_misc_5, grunt_vaults_hallway_short,
          vaults_room_pools, nicolae_vaults_display_case,
          hangedman_vaults_locks, layout_vaults_omnibox, serial_shops, shop
Vaults:2: hangedman_vaults_stream, grunt_vaults_funnel,
          nicolae_vaults_rhombus_7, nicolae_vaults_little_squares_4,
          ontoclasm_vaults_pinch, minmay_crypt_entry_simple_round,
          v_alt_pattern_1, vaults_room_fancy_cross, ontoclasm_vaults_hangar,
          nicolae_vaults_ring_of_whatevers, vaults_room_fancy_cross,
          ontoclasm_vaults_shout, nicolae_vaults_little_squares_2,
          layout_vaults_maze_snakey, serial_shops, shop

Skill      XL: |  1  2  3  4  5  6  7  8  9 10 11 12 13 14 15 16 17 18 19 20 21 |
---------------+----------------------------------------------------------------+-----
Fighting       | 4 5 6 7 8 10 11 12 14 15 16 17 18 19 20 | 20.4
Armour         | 4 5 6 10 | 10.0
Dodging        | 1 2 3 4 6 8 9 11 12 | 12.9
Axes           | 3 4 5 7 9 10 12 15 16 17 18 19 21 | 21.6
Long Blades    | 1 2 3 4 6 8 10 11 12 13 | 13.0
Stealth        | 1 2 3 4 6 7 8 |  8.0
Invocations    | 1 2 4 5 6 8 10 11 12 14 15 16 17 18 | 18.4
Maces & Flails | 4 6 8 10 | 10.0
Crossbows      | 5 8 11 12 14 15 16 17 | 17.2
Shields        | 5 |  5.6

Action                   |  1- 3 |  4- 6 |  7- 9 | 10-12 | 13-15 | 16-18 | 19-21 || total
-------------------------+-------+-------+-------+-------+-------+-------+-------++-------
Melee: War axe           |    89 |    24 |       |   123 |    18 |   134 |       ||   388
       Headbutt          |     7 |    11 |    26 |    82 |   146 |   258 |   466 ||   996
       Scimitar          |       |    60 |   148 |   191 |       |       |       ||   399
       Trident           |       |       |       |    23 |    80 |       |       ||   103
       Flail             |       |       |       |    14 |       |       |       ||    14
       Great mace        |       |       |       |       |   272 |     2 |       ||   274
       Battleaxe         |       |       |       |       |   236 |    44 |       ||   280
       Punch             |       |       |       |       |     3 |       |       ||     3
       Falchion          |       |       |       |       |       |    67 |       ||    67
       Double sword      |       |       |       |       |       |    37 |    35 ||    72
       Hand axe          |       |       |       |       |       |   543 |  1299 ||  1842
       Morningstar       |       |       |       |       |       |    21 |    19 ||    40
       Eveningstar       |       |       |       |       |       |       |     2 ||     2
 Fire: Hand crossbow     |       |       |       |       |   356 |   546 |   126 ||  1028
       Triple crossbow   |       |       |       |       |    17 |       |       ||    17
Throw: Boomerang         |    19 |    96 |   116 |    93 |    15 |     1 |       ||   340
       Javelin           |       |       |       |     4 |       |       |       ||     4
       Dart              |       |       |       |    11 |    20 |    29 |    12 ||    72
Invok: Heroism           |       |       |     1 |    10 |    15 |    29 |    22 ||    77
       Finesse           |       |       |       |     6 |    11 |    16 |    10 ||    43
Evoke: Wand              |       |       |     9 |    40 |    41 |    16 |    83 ||   189
       Phial of floods   |       |       |       |     1 |     1 |       |       ||     2
  Use: Scroll            |       |     4 |     5 |     9 |    17 |    14 |    14 ||    63
       Potion            |       |       |       |     1 |     3 |    10 |    13 ||    27
 Stab: Petrified         |       |       |       |       |       |     4 |       ||     4
       Distracted        |       |       |       |       |       |     1 |       ||     1
       Petrifying        |       |       |       |       |       |     1 |       ||     1
Armor: Scale mail        |    57 |    10 |       |    30 |       |       |       ||    97
       Ring mail         |       |    23 |    32 |       |       |       |       ||    55
       Chain mail        |       |       |     3 |    97 |       |       |       ||   100
       Plate armour      |       |       |       |    48 |   407 |   539 |   486 ||  1480
Dodge: Dodged            |    35 |    23 |    40 |   145 |   325 |   286 |   359 ||  1213
Block: Kite shield       |    63 |    62 |   120 |   332 |    32 |   810 |  1163 ||  2582
       Reflection        |       |     2 |    10 |    16 |     3 |   150 |   161 ||   342
       Other             |       |       |       |       |   116 |    12 |       ||   128
       Rpst.: Scimitar   |       |     1 |     9 |    10 |       |       |       ||    20
       Falchion          |       |       |       |       |       |     2 |       ||     2
       Double sword      |       |       |       |       |       |     4 |     2 ||     6
